 Dungeon Crawl Stone Soup version 0.32-a0-433-g08bcfe7efd (webtiles) character file.

Game seed: 14100771553661038736

539 CougarLife the Digger (level 7, -7/36 HPs)
             Began as a Gargoyle Earth Elementalist on Feb 23, 2024.
             Mangled by Duvessa
             ... wielding a +0 short sword
              (11 damage)
             ... on level 4 of the Dungeon.
             The game lasted 00:03:11 (4210 turns).

CougarLife the Digger (Gargoyle Earth Elementalist) Turns: 4210, Time: 00:03:12

Health: -7/36      AC: 10    Str: 12    XL:     7   Next: 26%
Magic:  10/13      EV: 16    Int: 17    God:
Gold:   157        SH:  5    Dex: 10    Spells: 10/14 levels left

rFire   . . .        o - +0 dagger
rCold   . . .        (no shield)
rNeg    + . .        a - +0 robe
rPois   ∞            i - +2 helmet
rElec   +            (no cloak)
rCorr   .            (no gloves)
SInv    .            m - +0 pair of boots
Will    .....        e - amulet of reflection
Stlth   ++           r - +5 ring of evasion
HPRegen 0.26/turn    (no ring)
MPRegen 0.13/turn

%: reflection
@: no status effects
A: sickness immunity, AC +4, negative energy resistance 1, electricity
resistance, torment resistance 1, petrification resistance
a: no special abilities


You were on level 4 of the Dungeon.
You visited 1 branch of the dungeon, and saw 4 of its levels.

You collected 157 gold pieces.

Inventory:

Hand Weapons
 o - a +0 dagger (weapon)
Missiles
 n - 4 curare-tipped darts
Armour
 a - a +0 robe (worn)
 i - a +2 helmet (worn)
 m - a +0 pair of boots (worn)
Jewellery
 e - an amulet of reflection (around neck)
 r - a +5 ring of evasion (left hand)
Scrolls
 c - 10 scrolls of identify {unknown}
 d - a scroll of enchant weapon {unknown}
 f - a scroll of noise {unknown}
 g - a scroll of fog {unknown}
 k - a scroll of blinking {unknown}
 l - a scroll of vulnerability {unknown}
 p - 2 scrolls of acquirement {unknown}
 q - 2 scrolls of fear {unknown}
 s - a scroll of revelation {unknown}
 t - 2 scrolls of teleportation {unknown}
 u - 2 scrolls of torment {unknown}
 w - a scroll of poison {unknown}
Potions
 b - 2 potions of curing {unknown}
 h - 3 potions of lignification {unknown}
 j - 2 potions of brilliance {unknown}
 v - a potion of heal wounds {unknown}


   Skills:
 - Level 1.5 Dodging
 - Level 2.1 Stealth
 + Level 4.4 Spellcasting
 + Level 4.7 Conjurations
 + Level 6.2 Earth Magic


You had 10 spell levels left.
You knew the following spells:

 Your Spells              Type           Power      Damage    Failure   Level
a - Sandblast             Erth           50%        2d12      1%          1
b - Stone Arrow           Conj/Erth      44%        3d9       4%          3

Your spell library contained the following spells:

 Spells                   Type           Power      Damage    Failure   Level
 Passwall                 Erth           25%        N/A       3%          3
 Brom's Barrelling Bould  Conj/Erth      22%        2d4       16%         4
 Lesser Beckoning         Tloc           6%         N/A       22%         2
 Petrify                  Alch/Erth      14%        N/A       38%         4
 Gell's Gravitas          Tloc           3%         N/A       41%         3
 Teleport Other           Tloc           3%         N/A       41%         3
 Anguish                  Hex/Necr       1%         N/A       83%         4
 Cause Fear               Hex            1%         N/A       83%         4
 Enfeeble                 Hex            1%         N/A       100%        7


Dungeon Overview and Level Annotations

Branches:
Dungeon (4/15)
 Temple: D:4-7

Altars:

Shops:
D:3 [

Annotations:
D:4 Duvessa


Innate Abilities, Weirdness & Mutations

You are immune to sickness and miasma.
Your stone body is resilient. (AC +4)
You are immune to poison.
You resist negative energy. (rN+)
You are resistant to electric shocks. (rElec)
You are resistant to unholy torment.
You are immune to petrification.


Message History

There is a stone staircase leading down here.
You see here 5 stones.
Dowan, Brother of Duvessa comes into view.
He is wielding a +0 dagger.
Found a scroll labelled XUELENAURA.
The blast of sand hits Dowan!!
Dowan is severely wounded.
Dowan shouts!
You hear a shout!
Duvessa, Sister of Dowan comes into view.
She is wielding a +0 short sword and wearing a +1 ring mail of cold resistance.
Dowan gestures at you while chanting.
The puff of flame hits you but does no damage.
Dowan is nearby!
The blast of sand misses Dowan.
Dowan hits you but does no damage.
You closely miss Dowan.
Dowan is severely wounded.
Dowan barely misses you. Duvessa barely misses you.
There are monsters nearby!
The blast of sand hits Dowan!
You kill Dowan!
Duvessa weeps, and shakes her weapon.
Duvessa goes berserk!
Duvessa hits you with a +0 short sword. Duvessa hits you with a +0 short sword!
You hit Duvessa but do no damage. Duvessa hits you with a +0 short sword!
Duvessa is nearby!
You are too injured to fight recklessly!
You are too injured to fight recklessly!
Duvessa is nearby!
You are too injured to fight recklessly!
You are too injured to fight recklessly!
Duvessa is nearby!
Casting: Sandblast (safe; 1% risk of failure)
Confirm with . or Enter, or press ? or * to list all spells.
Aiming: Sandblast (safe; 1% risk of failure)
Press: ? - help, Shift-Dir - straight line, f - Duvessa
Aim: Duvessa, wielding a +0 short sword and wearing a +1 ring mail of cold resistance (berserk, 87% to hit)
The blast of sand hits Duvessa.
Duvessa is lightly wounded.
Duvessa hits you with a +0 short sword!
* * * LOW HITPOINT WARNING * * *
Duvessa hits you with a +0 short sword!
You die...

### #.# #.# #.# ### #.# #####
#.######## #######.###
#)@.######.........
..........#....e#............####
...####.###.....########.##..#
...+......#.#.#. ...........>####
...####.###..... #######.##.....#
...# #...#.. .. #.##..#### ...#
#.###. .#. #.##..# #######.# #.
... ###+###.##..# ........#
#.......##..#


You could see Duvessa (berserk).

Vanquished Creatures
  Eustachio (D:4)
  A sky beast (D:3)
  Dowan (D:4)
  2 bombardier beetles (D:4)
  An orc priest (D:3)
  A sleepcap (D:2)
  An orc wizard (D:3)
  4 adders
  3 dart slugs
  A ribbon worm (D:2)
  3 orcs (D:3)
  3 ball pythons
  5 bats
  4 endoplasms
  4 giant cockroaches
  8 goblins
  9 hobgoblins
  10 kobolds
  2 quokkas
  A frilled lizard (D:1)
  4 rats
69 creatures vanquished.

Notes
Turn   | Place    | Note
-------+----------+-------------------------------------------
     0 | D:1      | CougarLife the Gargoyle Earth Elementalist began the quest
                  | for the Orb.
     0 | D:1      | Reached XP level 1. HP: 10/10 MP: 3/3
   271 | D:1      | Reached XP level 2. HP: 15/15 MP: 1/5
   509 | D:1      | Reached skill level 4 in Earth Magic
   877 | D:1      | You fall into a shaft and drop 1 floor!
  1135 | D:2      | Reached XP level 3. HP: 19/19 MP: 3/6
  1428 | D:2      | Reached XP level 4. HP: 11/24 MP: 0/8
  1694 | D:2      | Identified the +0 ring mail of Dithmenos's Grace {Fly rPois
                  | rCorr Stlth+}
  2291 | D:3      | Found Ymonisup's Antique Armour Shoppe.
  2372 | D:3      | Reached XP level 5. HP: 28/28 MP: 3/9
  2647 | D:3      | Found a faded altar of an unknown god.
  2746 | D:3      | Reached skill level 5 in Earth Magic
  2750 | D:3      | Learned a level 3 spell: Stone Arrow
  2779 | D:3      | Noticed a sky beast
  2787 | D:3      | Killed a sky beast
  2788 | D:3      | Reached XP level 6. HP: 16/32 MP: 3/11
  3549 | D:4      | Noticed Eustachio
  3564 | D:4      | Killed Eustachio
  3565 | D:4      | Reached skill level 6 in Earth Magic
  3565 | D:4      | Reached XP level 7. HP: 34/36 MP: 1/13
  4203 | D:4      | Noticed Dowan
  4204 | D:4      | Noticed Duvessa
  4208 | D:4      | Killed Dowan
  4210 | D:4      | Mangled by Duvessa

Illustrated notes

Levels and vault maps discovered:
D:1:      doesnt_arrival_eight_statues, layout_loops_corners,
          minmay_misc_feat_columns, kennysheep_decorative_pillar
D:2:      layout_basic, serial_forest, infiniplex_forest_clump_tiny,
          infiniplex_forest_lined_3, infiniplex_forest_clump_double,
          infiniplex_forest_clump_small, infiniplex_forest_corner_1,
          infiniplex_forest_clump_double
D:3:      layout_loops_ring, shapermc_ecumenical_altar_mp_ritualfount,
          serial_shops, nicolae_shop_statue_plus, chequers_serial_rivers_marsh
D:4:      layout_basic, columned_hall_lemuel, serial_park_tiny_1,
          uniq_eustachio, uniq_duvessa, uniq_crazy_yiuf_cottage

Skill      XL: |  1  2  3  4  5  6 |
---------------+-------------------+-----
Earth Magic    | 4 5 6 |  6.2
Conjurations   | 2 3 4 |  4.7
Spellcasting   | 3 4 |  4.4
Dodging        | |  1.5
Stealth        | |  2.1

Action                     |  1- 3 |  4- 6 |  7- 9 || total
---------------------------+-------+-------+-------++-------
  Melee: Unarmed           |     6 |       |       ||     6
         Dagger            |    16 |    16 |     2 ||    34
   Cast: Sandblast         |    42 |    61 |    11 ||   114
         Stone Arrow       |       |     1 |       ||     1
    Use: Potion            |     1 |       |       ||     1
 Armour: Robe              |    24 |    33 |     7 ||    64
  Dodge: Dodged            |    21 |    28 |     3 ||    52
  Block: Other             |     7 |     9 |       ||    16
         Reflection        |     2 |       |       ||     2

Table legend: (Time is in decaauts)
 A = Elapsed time spent in this place.
 B = Non-inter-level travel time spent in this place.
 C = Inter-level travel time spent in this place.
 D = Time resting spent in this place.
 E = Time spent auto-exploring this place.
 F = Levels seen in this place.
 G = Mean time per level.
                   A        B        C        D        E       F      G
               +--------+--------+--------+--------+--------+-----+--------+
         Total |   4266 |   4114 |    152 |    330 |   3285 |   4 | 1066.5 |
       Dungeon |   4266 |   4114 |    152 |    330 |   3285 |   4 | 1066.5 |
               +--------+--------+--------+--------+--------+-----+--------+

Top non-repeatable levels by time:
     D:2: 1181 daAuts
     D:1: 1121 daAuts
     D:4: 1050 daAuts
     D:3: 913 daAuts
